 Dungeon Crawl Stone Soup version 0.14.2 (webtiles) character file.

2421 Broomstick the Reanimator (level 9, -4/27 HPs)
             Began as a Felid Necromancer on Dec 24, 2014.
             Was a Believer of Kikubaaqudgha.
             Killed from afar by Nergalle (27 damage)
             ... with a bolt of negative energy
             ... on Level 10 of the Dungeon on Dec 25, 2014.
             The game lasted 01:58:48 (14663 turns).

Broomstick the Reanimator (Felid Necromancer)      Turns: 14663, Time: 01:58:48

HP  -4/27        AC  2     Str  5      XL: 9   Next:  7%
MP  12/27        EV 23     Int 18      God: Kikubaaqudgha [**....]
Gold 318         SH  0     Dex 17      Spells:  7 memorised,  3 levels left
Lives: 0, deaths: 2

rFire  . . .     SeeInvis +     (weapon unavailable)
rCold  + . .     Clarity  .     (armour unavailable)
rNeg   . . .     Conserve .     (shield unavailable)
rPois  .         rCorr    .     (helmet unavailable)
rElec  .         rRot     .     (cloak unavailable)
SustAb . .       Spirit   .     (gloves unavailable)
rMut   .         Warding  .     (boots unavailable)
Saprov . . .     Stasis   .     (no amulet)
MR     +....                    x - ring of protection from cold
                                k - +1 ring of evasion

@: drained, quick, somewhat resistant to hostile enchantments, stealthy
A: paw claws, no armour, no weapons or thrown items, fangs 3, see invisible,
carnivore 3, deformed body, speed 1, frail 2, shaggy fur 2, slow metabolism 1,
wild magic 1, jump 2
a: Jump Attack, Receive Corpses, Renounce Religion


You were on level 10 of the Dungeon.
You worshipped Kikubaaqudgha.
Kikubaaqudgha was pleased with you.
You were full.

You visited 2 branches of the dungeon, and saw 11 of its levels.

You collected 318 gold pieces.

Inventory:

Hand weapons
 f - a +3,+4 quarterstaff of chaos
Missiles
 i - 5 tomahawks of returning
 o - 2 throwing nets
Magical devices
 h - a wand of magic darts (1)
 r - a wand of random effects (6)
 t - a wand of draining (5)
 u - a wand of paralysis (3)
 w - a wand of slowing (7)
 B - a wand of digging (10)
Comestibles
 c - 4 meat rations
Scrolls
 a - 2 scrolls of random uselessness
 d - a scroll of silence
 m - a scroll of identify
 n - a scroll of teleportation
 q - 6 scrolls of remove curse
 v - a scroll of fog
 y - a scroll of torment {unknown}
Jewellery
 k - a +1 ring of evasion (left paw)
 x - a ring of protection from cold (right paw)
 A - an uncursed ring of flight
Potions
 e - 2 potions of curing
 l - a potion of lignification
 z - a potion of brilliance
 C - a potion of berserk rage
Books
 b - a book of Necromancy

   Spells                             Type                      Level
   *Pain                              Necromancy                   1
   Animate Skeleton                   Necromancy                   1
   Lethal Infusion                    Charms/Necromancy            2
   *Vampiric Draining                 Necromancy                   3
   *Regeneration                      Charms/Necromancy            3
   *Animate Dead                      Necromancy                   4
   *Control Undead                    Necromancy                   4
Miscellaneous
 p - a plain deck of changes


   Skills:
 + Level 7.4(6.7) Dodging
 - Level 2.6(2.0) Stealth
 * Level 7.4(6.7) Spellcasting
 * Level 8.9(8.2) Necromancy
 + Level 5.4(4.7) Evocations


You had 3 spell levels left.
You knew the following spells:

 Your Spells              Type           Power        Failure   Level  Hunger
a - Pain                  Necr           ####         2%          1    None
c - Vampiric Draining     Necr           ######....   4%          3    ##.....
d - Animate Dead          Necr           N/A          11%         4    ####...
e - Control Undead        Necr           ######....   11%         4    ####...
f - Corpse Rot            Necr           N/A          3%          2    None
g - Sublimation of Blood  Necr           ######....   3%          2    None
h - Regeneration          Chrm/Necr      ####......   19%         3    ##.....


Dungeon Overview and Level Annotations

Branches:
Dungeon (10/15)            Temple (1/1) D:5            Lair (0/8) D:8
    Orc: D:9-12

Altars:
Ashenzari
Cheibriados
Dithmenos
Elyvilon
Fedhas
Kikubaaqudgha
Makhleb
Nemelex Xobeh
Okawaru
Trog
Yredelemnul
Zin
The Shining One

Shops:
D:4 }   D:9 (

Annotations:
D:4 Prince Ribbit
D:8 Blork the orc
D:10 Nergalle


Innate Abilities, Weirdness & Mutations

You cannot wear armour.
You are incapable of wielding weapons or throwing items.
Your paws have sharp claws.
You have razor-sharp teeth.
You have supernaturally acute eyesight.
You are carnivorous and can eat meat at any time.
You cover ground quickly.
You are covered in thick fur (AC +2).
You have a slow metabolism.
You can jump attack at a medium distance.
Your body is misshapen.
You are very frail (-20% HP).
Your spells are a little harder to cast, but a little more powerful.


Message History

This wand has 6 charges left.
Evoke which item? (* to show all) (? for menu, Esc to quit)
Zapping:
t - a wand of draining (6)
Press: ? - help, Shift-Dir - straight line, f/p - Nergalle
Aim: Nergalle, wielding a dagger and wearing a robe (moderately wounded)
The bolt of negative energy hits Nergalle.
Nergalle is drained!
Nergalle is heavily wounded.
This wand has 5 charges left.
Casting: Vampiric Draining
Confirm with . or Enter, or press ? or * to list all spells.
Aiming: Pain
Press: ? - help, Shift-Dir - straight line, f/p - Nergalle
Aim: Nergalle, wielding a dagger and wearing a robe (heavily wounded) Nergalle resists.
Nergalle gestures at you while chanting.
The bolt of negative energy hits you!
You feel drained.
Ouch! That really hurt!
You die...
Kikubaaqudgha rasps: "You have failed me!
Welcome... death!"

.....#####
...#...#
######.#...#
#....?.....#
...####.#...#
#....###
#......#
#...%#.#
##...@.#
#.....#
#...o.....
.)...........
##.##.####.#..#
#. ... .# .
#..# .# #..


You could see Nergalle.

Vanquished Creatures
  Edmund (D:6)
  2 hippogriffs
  A gnoll sergeant (D:7)
  2 orc warriors
  2 sky beasts (D:7)
  3 ogres
  2 centaurs
  3 phantoms
  Sigmund (D:6)
  The ghost of Broomstick the Grave Robber, an average FeNe of Sif Muna (D:3)
  5 giant frogs
  Duvessa (D:6)
  2 hounds
  Dowan (D:6)
  5 orc priests
  Crazy Yiuf (D:2)
  4 iguanas
  4 worker ants
  2 orc wizards
  13 gnolls
  A worm zombie (D:9)
  6 adders
  A shadow imp (D:5)
  3 worms
  An adder zombie (D:3)
  2 giant eyeballs
  11 giant geckos
  An ooze (D:3)
  20 orcs
  11 bats
  17 goblins
  12 hobgoblins
  3 ball pythons
  3 giant cockroaches
  14 giant newts
  2 giant spores (D:7)
  A hobgoblin skeleton (D:6)
  A hobgoblin zombie (D:3)
  18 jackals
  6 kobolds
  5 quokkas
  17 rats
  3 ballistomycetes (D:7)
  A fungus (D:2)
216 creatures vanquished.

Vanquished Creatures (collateral kills)
  An ice beast (D:7)
  2 worker ants
  A gnoll (D:7)
  An adder zombie (D:7)
  An orc skeleton (D:6)
  2 orcs
  2 bats
  A giant cockroach (D:2)
  A hobgoblin (D:7)
  A kobold (D:4)
  A giant gecko (D:3)
  A giant newt (D:2)
  A goblin skeleton (D:5)
  A jackal zombie (D:7)
  A quokka zombie (D:6)
  2 rats
  A rat skeleton (D:7)
  A ballistomycete (D:7)
22 creatures vanquished.

Vanquished Creatures (others)
  A felid skeleton (D:7)
  A hippogriff zombie (D:7)
  2 centaur zombies
  2 orc priests (D:7)
  An ogre zombie (D:7)
  A hound zombie (D:4)
  A worker ant zombie (D:9)
  A human zombie (D:6)
  2 elf zombies (D:6)
  A worm zombie (D:3)
  An iguana zombie (D:4)
  2 orcs (D:7)
  A bat skeleton (D:5)
  2 ball python skeletons
  A giant gecko skeleton (D:2)
  2 giant newt skeletons (D:2)
  A giant newt zombie (D:9)
  2 gnoll zombies (D:2)
  A goblin (D:7)
  3 goblin skeletons
  2 goblin zombies
  A hobgoblin skeleton (D:1)
  3 hobgoblin zombies
  A jackal skeleton (D:1)
  5 jackal zombies
  A kobold skeleton (D:1)
  2 kobold zombies
  2 orc skeletons (D:8)
  9 orc zombies
  2 quokka skeletons
  3 rat skeletons
60 creatures vanquished.

Grand Total: 298 creatures vanquished

Notes
Turn   | Place    | Note
--------------------------------------------------------------
     0 | D:1      | Broomstick, the Felid Necromancer, began the quest for the Orb.
     0 | D:1      | Reached XP level 1. HP: 7/7 MP: 4/4
   712 | D:1      | Reached XP level 2. HP: 9/11 MP: 2/5
   743 | D:1      | Learned a level 1 spell: Animate Skeleton
  1466 | D:1      | Reached XP level 3. HP: 14/14 MP: 6/8
  1566 | D:1      | Learned a level 3 spell: Vampiric Draining
  2552 | D:2      | Reached XP level 4. HP: 7/18 MP: 3/12
  3386 | D:2      | Learned a level 4 spell: Animate Dead
  3467 | D:2      | Reached skill level 5 in Necromancy
  3537 | D:2      | Reached XP level 5. HP: 18/21 MP: 11/14
  3769 | D:2      | Noticed Crazy Yiuf
  3777 | D:2      | Demolished by Crazy Yiuf
  3778 | D:2      | Reached XP level 4. HP: -16/18 MP: 7/12
  3995 | D:2      | Killed Crazy Yiuf
  4678 | D:3      | Noticed Broomstick's ghost (average FeNe)
  4780 | D:3      | Killed Broomstick's ghost
  4780 | D:3      | Reached XP level 5. HP: 19/21 MP: 12/15
  4985 | D:3      | Reached skill level 1 in Evocations
  5558 | D:3      | Noticed a phantom
  5608 | D:3      | Killed a phantom
  5608 | D:3      | Gained mutation: You are covered in thick fur (AC +2). [growing up]
  5608 | D:3      | Gained mutation: You can jump attack at a medium distance. [growing up]
  5608 | D:3      | Reached XP level 6. HP: 13/24 MP: 15/18
  5951 | D:3      | Learned a level 4 spell: Control Undead
  6309 | D:4      | Reached skill level 6 in Necromancy
  6885 | D:4      | Found a bloodstained altar of Trog.
  7071 | D:4      | Noticed Prince Ribbit
  7229 | D:4      | Found Zosoavvauri's Gadget Shoppe.
  7290 | D:5      | Entered Level 5 of the Dungeon
  7682 | D:5      | Found a staircase to the Ecumenical Temple.
  7699 | Temple   | Entered the Ecumenical Temple
  7725 | Temple   | Became a worshipper of Kikubaaqudgha
  7762 | D:5      | Paralysed by a giant eyeball for 3 turns
  7823 | D:5      | Reached XP level 7. HP: 25/27 MP: 9/21
  7829 | D:5      | Found a burning altar of Makhleb.
  7868 | D:5      | Found a basalt altar of Yredelemnul.
  8084 | D:5      | Found a blossoming altar of Fedhas.
  8152 | D:5      | Found a snail-covered altar of Cheibriados.
  8417 | D:6      | Noticed Edmund
  8474 | D:6      | Killed Edmund
  8474 | D:6      | Reached skill level 5 in Dodging
  8474 | D:6      | Reached skill level 5 in Spellcasting
  8663 | D:6      | Noticed Sigmund
  8673 | D:6      | Killed Sigmund
  8688 | D:6      | Your ally Edmund died
  9178 | D:6      | Noticed Dowan
  9181 | D:6      | Noticed Duvessa
  9185 | D:6      | Killed Dowan
  9189 | D:6      | Killed Duvessa
  9189 | D:6      | Reached skill level 7 in Necromancy
  9338 | D:6      | Acquired Kikubaaqudgha's first power
  9338 | D:6      | Received a gift from Kikubaaqudgha
  9339 | D:6      | Identified Kikubaaqudgha's Grimoire of Evil Rites (Kikubaaqudgha gifted it to you on level 6 of the Dungeon)
  9349 | D:6      | Learned a level 2 spell: Corpse Rot
  9488 | D:6      | Found a glowing golden altar of the Shining One.
  9490 | D:6      | Found a white marble altar of Elyvilon.
  9789 | D:7      | Reached XP level 8. HP: 22/31 MP: 9/23
  9808 | D:7      | Learned a level 2 spell: Sublimation of Blood
  9887 | D:7      | Gained mutation: You are frail (-10% HP). [potion of mutation]
  9887 | D:7      | Gained mutation: You are very frail (-20% HP). [potion of mutation]
  9888 | D:7      | Gained mutation: Your spells are a little harder to cast, but a little more powerful. [potion of mutation]
  9888 | D:7      | Gained mutation: Your body is misshapen. [potion of mutation]
 10467 | D:6      | Your ally Duvessa died
 10824 | D:7      | Killed from afar by an orc priest
 10825 | D:7      | Reached XP level 7. HP: -1/21 MP: 23/23
 10926 | D:6      | Your ally Dowan died
 11367 | D:7      | Found a shadowy altar of Dithmenos.
 11413 | D:7      | Reached skill level 8 in Necromancy
 11417 | D:7      | Reached XP level 8. HP: 20/24 MP: 24/24
 11481 | D:7      | Your ally Broomstick died
 12134 | D:8      | Found a staircase to the Lair.
 12167 | D:8      | Paralysed by a giant eyeball for 2 turns
 12194 | D:8      | Found a sparkling altar of Nemelex Xobeh.
 12224 | D:8      | Learned a level 3 spell: Regeneration
 12381 | D:8      | Noticed Blork the orc
 13381 | D:9      | Found a glowing silver altar of Zin.
 13566 | D:9      | Reached skill level 5 in Evocations
 13884 | D:9      | Acquired Kikubaaqudgha's second power
 13965 | D:9      | Found Gadghuif's Weapon Emporium.
 14280 | D:10     | Entered Level 10 of the Dungeon
 14638 | D:10     | Reached XP level 9. HP: 18/27 MP: 8/27
 14660 | D:10     | Noticed Nergalle
 14663 | D:10     | Killed from afar by Nergalle

Action                   |  1- 3 |  4- 6 |  7- 9 || total
-------------------------+-------+-------+-------++-------
Melee: Unarmed           |    61 |   295 |   344 ||   700
 Cast: Pain              |    47 |    91 |   162 ||   300
       Animate Skeleton  |     8 |     7 |     1 ||    16
       Vampiric Draining |     5 |    17 |    54 ||    76
       Animate Dead      |       |    11 |    19 ||    30
       Control Undead    |       |       |     3 ||     3
       Regeneration      |       |       |     5 ||     5
Invok: Receive Corpses   |       |       |     2 ||     2
Evoke: Wand              |       |    17 |    23 ||    40
  Use: Scroll            |       |    12 |     8 ||    20
       Potion            |       |     7 |     7 ||    14
 Stab: Sleeping          |     2 |     7 |     5 ||    14
       Distracted        |       |       |     1 ||     1
